 Dungeon Crawl Stone Soup version 0.27-a0-1182-gee19b5822f (webtiles) character file.

Game seed: 16959580883265503531

35 Ijustatesigmund the Chopper (level 3, -1/29 HPs)
             Began as a Hill Orc Fighter on May 18, 2021.
             Succumbed to a killer bee's poison
             ... on level 2 of the Dungeon.
             The game lasted 00:01:25 (879 turns).

Ijustatesigmund the Chopper (Hill Orc Fighter)       Turns: 879, Time: 00:01:26

Health: -1/29      AC:  8    Str: 16 (18) XL:     3   Next: 33%
Magic:  3/3        EV:  7    Int:  5 (8)  God:
Gold:   23         SH:  8    Dex:  9 (11) Spells: 2/2 levels left

rFire    . . .     SeeInvis .   a - +0 war axe
rCold    . . .     Faith    .   c - +0 kite shield
rNeg     . . .     Spirit   .   b - +0 scale mail
rPois    .         Reflect  .   (no helmet)
rElec    .         Harm     .   (no cloak)
rCorr    .         Rampage  .   (no gloves)
Will     .....                  (no boots)
Stlth    ..........             (no amulet)
HPRegen  0.09/turn              (no ring)
MPRegen  0.08/turn              (no ring)

@: mighty, brilliant, lethally poisoned (-1 -> -13), weak-willed
A: iridescent scales 1, frail 1
a: no special abilities


You were on level 2 of the Dungeon.
You visited 1 branch of the dungeon, and saw 2 of its levels.

You collected 23 gold pieces.

Inventory:

Hand Weapons
 a - a +0 war axe (weapon)
Missiles
 g - a throwing net (quivered)
Armour
 b - a +0 scale mail (worn)
 c - a +0 kite shield (worn)
Scrolls
 k - a scroll of teleportation {unknown}


   Skills:
 + Level 4.2 Fighting
 * Level 4.3 Axes
 - Level 3.2 Armour
 - Level 3.2 Shields


You had 2 spell levels left.
You didn't know any spells.
Your spell library was empty.

Dungeon Overview and Level Annotations

Branches:
Dungeon (2/15)

Altars:


Innate Abilities, Weirdness & Mutations

You are partially covered in iridescent scales. (AC +2)
You are frail. (-10% HP)


Message History

You miss the killer bee. x2
You feel very sick.
A killer bee comes into view.
The killer bee barely misses you.
The killer bee stings you but does no damage.
You block the killer bee's attack. x2; The killer bee stings you.
It was a potion of degeneration.
There was something very wrong with that liquid.
You feel weakened.
You feel dopey.
You feel clumsy.
You feel sick.
The killer bee buzzes angrily.
The killer bee closely misses you. The killer bee barely misses you.
The killer bee stings you.
You are more poisoned.
The killer bee poisons you! You block the killer bee's attack.
It was a potion of brilliance.
You feel clever all of a sudden.
You feel sick.
The killer bee stings you but does no damage.
The killer bee stings you.
You are lethally poisoned!
The killer bee poisons you! The killer bee barely misses you.
The killer bee stings you but does no damage.
It was a potion of mutation.
You feel extremely strange.
You feel frail.
Iridescent scales grow over part of your body.
* * * LOW HITPOINT WARNING * * *
You feel very sick.
The killer bee buzzes angrily.
You block the killer bee's attack. x3
The killer bee stings you but does no damage.
As you read the scroll labelled PIVYLL DEOSH, it crumbles to dust.
Magic quickly surges around you.
It was a scroll of vulnerability.
* * * LOW HITPOINT WARNING * * *
You feel very sick. You block the killer bee's attack.
The killer bee misses you. The killer bee completely misses you.
You block the killer bee's attack.
As you read the scroll labelled ESHRAD FYCWINU, it crumbles to dust.
You feel aware of your surroundings.
It was a scroll of magic mapping.
You die...

**,**,**,,,,,,*,* *,*
**,**,**,,,**,,,*##.###
,,,,,,***,*****##..,§.#
**,******,*** #...,..#
,,,>,,*,,,,,* #..#,..#
**,**,*,,,,,* #y.##§§*
,,,**,*,,,,,* #yB.y.,*
,****,*,,,,,* #y##.#,*
,****,*,,,,,* #@##§#.#
,,,,,,,,***** #.y....#
,,*****,* *****####.###
,,*****,***,,,*** #.#
,,,,,**,*,,,*,,,* #.#
*,**,**,*,,,*,,,**#.#
*,*,,,*,*,*****,,,..#
*,,,*,,,,,,,*,,,**###
***,,,***,*,*,*,*


You could see 4 killer bees and a giant cockroach (weak-willed).

Vanquished Creatures
  A gnoll (D:1)
  A dart slug (D:1)
  2 endoplasms (D:1)
  A giant cockroach (D:1)
  A goblin (D:1)
  3 hobgoblins (D:1)
  3 kobolds (D:1)
  2 ball pythons (D:1)
  5 bats (D:1)
  3 rats (D:1)
22 creatures vanquished.

Notes
Turn   | Place    | Note
-------+----------+-------------------------------------------
     0 | D:1      | Ijustatesigmund the Hill Orc Fighter began the quest for
                  | the Orb.
     0 | D:1      | Reached XP level 1. HP: 19/19 MP: 1/1
   120 | D:1      | Reached XP level 2. HP: 20/27 MP: 2/2
   474 | D:1      | Found a faded altar of an unknown god.
   588 | D:1      | Reached XP level 3. HP: 31/33 MP: 3/3
   869 | D:2      | Noticed a killer bee
   869 | D:2      | Noticed a killer bee
   871 | D:2      | Noticed a killer bee
   872 | D:2      | Noticed a killer bee
   874 | D:2      | Noticed a killer bee
   877 | D:2      | Gained mutation: You are frail. (-10% HP) [potion of
                  | mutation]
   877 | D:2      | Gained mutation: You are partially covered in iridescent
                  | scales. (AC +2) [potion of mutation]
   879 | D:2      | Succumbed to a killer bee's poison

Illustrated notes

Levels and vault maps discovered:
D:1:      scummos_arrival_simple_crosswalls, layout_loops_ring,
          ebering_ecumenical_altar_webs, amcnicky_mini_corridor_feature
D:2:      layout_loops_cross

Skill      XL: |  1  2 |
---------------+-------+-----
Axes           | 3 4 |  4.3
Fighting       | 4 |  4.2
Armour         | |  3.2
Shields        | |  3.2

Action                   || total
-------------------------++-------
Melee: War axe           ||    76
  Use: Potion            ||     4
       Scroll            ||     2
Armor: Scale mail        ||    51
Dodge: Dodged            ||    35
Block: Kite shield       ||    53

Table legend: (Time is in decaauts)
 A = Elapsed time spent in this place.
 B = Non-inter-level travel time spent in this place.
 C = Inter-level travel time spent in this place.
 D = Time resting spent in this place.
 E = Time spent auto-exploring this place.
 F = Levels seen in this place.
 G = Mean time per level.
                   A        B        C        D        E       F      G
               +--------+--------+--------+--------+--------+-----+--------+
         Total |    921 |    906 |     15 |      0 |    720 |   2 |  460.5 |
       Dungeon |    921 |    906 |     15 |      0 |    720 |   2 |  460.5 |
               +--------+--------+--------+--------+--------+-----+--------+

Top non-repeatable levels by time:
     D:1: 911 daAuts
     D:2: 10 daAuts
